 Dungeon Crawl Stone Soup version 0.28.0-53-g5a82cb258f (webtiles) character file.

Game seed: 3537553844774818262

88 NotreDorf the Poker (level 4, -7/35 HPs)
             Began as a Merfolk Gladiator on Aug 4, 2022.
             Mangled by a gnoll
             ... wielding a +0 halberd
              (8 damage)
             ... on level 3 of the Dungeon.
             The game lasted 00:05:24 (2474 turns).

NotreDorf the Poker (Merfolk Gladiator)             Turns: 2474, Time: 00:05:25

Health: -7/35      AC:  6    Str: 14    XL:     4   Next: 54%
Magic:  6/6        EV: 14    Int:  7    God:
Gold:   37         SH:  0    Dex: 17    Spells: 5/5 levels left

rFire   . . .      SeeInvis .   a - +0 trident
rCold   . . .      Faith    .   (no shield)
rNeg    . . .      Spirit   .   b - +0 leather armour
rPois   .          Reflect  .   c - +0 helmet
rElec   .          Harm     .   (no cloak)
rCorr   .          Rampage  .   n - +0 pair of gloves
Will    .....                   h - +0 pair of boots
Stlth   ++........              (no amulet)
HPRegen 0.11/turn               (no ring)
MPRegen 0.10/turn               (no ring)

@: no status effects
A: (nimble swimmer 2), mertail
a: no special abilities


You were on level 3 of the Dungeon.
You visited 1 branch of the dungeon, and saw 3 of its levels.

You collected 93 gold pieces.
You spent 56 gold pieces at shops.

Inventory:

Hand Weapons
 a - a +0 trident (weapon)
Missiles
 d - 3 throwing nets (quivered)
Armour
 b - a +0 leather armour (worn)
 c - a +0 helmet (worn)
 h - a +0 pair of boots (worn)
 n - a +0 pair of gloves (worn)
Jewellery
 l - a ring of protection from fire
Scrolls
 f - a scroll of blinking {unknown}
 g - a scroll of fog {unknown}
 i - 2 scrolls of identify {unknown}
 j - a scroll of enchant armour {unknown}
 o - 2 scrolls of vulnerability {unknown}
 r - a scroll of teleportation
Potions
 e - a potion of magic {unknown}
 k - 2 potions of resistance {unknown}
 m - a potion of curing {unknown}
 p - a potion of flight {unknown}


   Skills:
 + Level 3.0 Fighting
 + Level 5.2 Polearms
 - Level 2.0 Throwing
 + Level 4.7 Dodging
 + Level 1.4 Stealth
 + Level 1.4 Spellcasting


You had 5 spell levels left.
You didn't know any spells.
Your spell library was empty.

Dungeon Overview and Level Annotations

Branches:
Dungeon (3/15)

Altars:

Shops:
D:3 ?


Innate Abilities, Weirdness & Mutations

((You are very nimble when in or above water. (Stealth+, EV+, Speed+++)))
Your lower body shifts to a powerful aquatic tail in water.


Message History

You hit the bat.
You kill the bat!
l - a ring of protection from fire A gnoll is nearby!
The gnoll shouts!
The gnoll closely misses you.
You reach to attack!
You completely miss the gnoll. The gnoll barely misses you.
You reach to attack!
You hit the gnoll.
The gnoll is moderately wounded.
The gnoll barely misses you.
You reach to attack!
You closely miss the gnoll.
The gnoll is moderately wounded.
The gnoll hits you from afar with a +0 halberd.
You reach to attack!
You hit the gnoll.
The gnoll is heavily wounded.
The gnoll hits you from afar with a +0 halberd!
You reach to attack!
You hit the gnoll.
The gnoll is almost dead.
The gnoll closely misses you.
You reach to attack!
You barely miss the gnoll.
The gnoll is almost dead.
The gnoll hits you from afar with a +0 halberd!
You are too injured to fight recklessly!
You are too injured to fight recklessly!
You are too injured to fight recklessly!
Reach: a) +0 trident
Press: ? - help, Dir - move target, f/p - gnoll
Aim: a gnoll, wielding a +0 halberd (almost dead, about 35% to evade your +0 trident)
You reach to attack!
You closely miss the gnoll.
The gnoll is almost dead.
The gnoll hits you from afar with a +0 halberd!
* * * LOW HITPOINT WARNING * * *
Reach: a) +0 trident
Press: ? - help, Dir - move target, f/p - gnoll
Aim: a gnoll, wielding a +0 halberd (severely wounded, about 35% to evade your +0 trident)
You reach to attack!
You barely miss the gnoll.
The gnoll is severely wounded.
The gnoll hits you from afar with a +0 halberd!
You die...

#####....#.# #....#######..######
...........# #....#####......# #
...######### #.............#.# #
.......########...#####.#.##.# #
.#.##........##...# #.#.##.# #
........).....#...#####......# #
.......#####..#.........#.#### #
.......##.....##..#######.# #
...###.##.###.g.@.....# #.# #
.......##........#.#### #.# #
#########..##...##.# #.# #
..............####.######.# #
##...##.....?∩............# #
##...##..#########..†.###########
.#...##......# #....##........[
.#...###.##### #....##.#######.
.#...# #.# ###....>.....# #.


You could see a gnoll.

Vanquished Creatures
  A hound zombie (D:3)
  An adder (D:2)
  2 gnolls (D:3)
  An orc (D:3)
  5 endoplasms
  5 goblins
  9 hobgoblins
  3 jackals (D:1)
  2 quokkas
  4 ball pythons
  2 bats
  3 frilled lizards
  4 kobolds
  4 rats
46 creatures vanquished.

Notes
Turn   | Place    | Note
-------+----------+-------------------------------------------
     0 | D:1      | NotreDorf the Merfolk Gladiator began the quest for the
                  | Orb.
     0 | D:1      | Reached XP level 1. HP: 16/16 MP: 1/1
   252 | D:1      | Reached XP level 2. HP: 19/23 MP: 2/2
   845 | D:2      | Reached XP level 3. HP: 28/28 MP: 4/4
  1171 | D:2      | Reached skill level 5 in Polearms
  1171 | D:2      | Reached skill level 1 in Spellcasting
  1924 | D:3      | Reached skill level 1 in Stealth
  1931 | D:3      | Reached XP level 4. HP: 23/34 MP: 5/5
  2170 | D:3      | Found Tarchah's Magic Scroll Boutique.
  2179 | D:3      | Bought a scroll of noise for 14 gold pieces
  2179 | D:3      | Bought a scroll of teleportation for 42 gold pieces
  2473 | D:3      | HP: 1/35 [gnoll/+0 halberd (11)]
  2474 | D:3      | Mangled by a gnoll

Illustrated notes

Levels and vault maps discovered:
D:1:      amcnicky_arrival_abandoned_market, layout_loops_ring
D:2:      layout_basic
D:3:      layout_basic, serial_shops, shop

Skill      XL: |  1  2  3  4 |
---------------+-------------+-----
Polearms       | 5 |  5.2
Spellcasting   | 1 |  1.4
Stealth        | 1 |  1.4
Fighting       | 3 |  3.0
Throwing       | |  2.0
Dodging        | |  4.7

Action                   |  1- 3 |  4- 6 || total
-------------------------+-------+-------++-------
Melee: Trident           |   118 |    29 ||   147
       Punch             |     2 |       ||     2
 Stab: Sleeping          |     2 |     1 ||     3
       Distracted        |       |     1 ||     1
Armor: Leather armour    |    23 |     3 ||    26
Dodge: Dodged            |    54 |    16 ||    70
